 Dungeon Crawl Stone Soup version 0.27.1-4-g1640c2035a (webtiles) character file.

Game seed: 5034143266594439331

226 Stomo444 the Skirmisher (level 5, -3/47 HPs)
             Began as a Draconian Monk on Nov 10, 2021.
             Slain by a gnoll shaman (5 damage)
             ... on level 4 of the Dungeon.
             The game lasted 00:04:22 (4477 turns).

Stomo444 the Skirmisher (Draconian Monk)            Turns: 4477, Time: 00:04:22

Health: -3/47      AC:  5    Str: 12 (14) XL:     5   Next: 69%
Magic:  5/5        EV: 13    Int:  9 (10) God:
Gold:   106        SH:  0    Dex: 12 (14) Spells: 4/4 levels left

rFire    . . .     SeeInvis .   a - +0 mace
rCold    . . .     Faith    .   (no shield)
rNeg     . . .     Spirit   .   (armour unavailable)
rPois    +         Reflect  .   (helmet restricted)
rElec    .         Harm     .   (no cloak)
rCorr    .         Rampage  .   (no gloves)
Will     .....                  (no boots)
Stlth    +.........             j - amulet of magic regeneration
HPRegen  0.15/turn              e - ring of poison resistance
MPRegen  0.34/turn              (no ring)

@: lit by a corona, about to teleport, weak-willed, glowing
A: AC +5, unfitting armour, cold-blooded
a: no special abilities


You were on level 4 of the Dungeon.
You visited 1 branch of the dungeon, and saw 4 of its levels.

You collected 106 gold pieces.

Inventory:

Hand Weapons
 a - a +0 mace (weapon)
Jewellery
 e - a ring of poison resistance (left hand)
 j - an amulet of magic regeneration (around neck)
Scrolls
 b - 2 scrolls of identify
 c - a scroll of enchant weapon
 g - a scroll of immolation
 h - a scroll of teleportation
 i - a scroll of amnesia {unknown}
 k - a scroll of magic mapping {unknown}
 m - a scroll of noise {unknown}


   Skills:
 + Level 4.9 Fighting
 + Level 4.4 Maces & Flails
 + Level 4.0 Dodging
 - Level 1.7 Stealth


You had 4 spell levels left.
You didn't know any spells.
Your spell library contained the following spells:

 Spells                   Type           Power      Damage    Failure   Level
 Summon Small Mammal      Summ           0%         N/A       38%         1
 Ensorcelled Hibernation  Hex/Ice        0%         N/A       52%         2
 Call Canine Familiar     Summ           0%         N/A       77%         3
 Conjure Flame            Conj/Fire      0%         6-21      77%         3
 Ignite Poison            Fire/Tmut/Pois 0%         N/A       77%         3
 Portal Projectile        Hex/Tloc       0%         N/A       77%         3
 Spider Form              Tmut/Pois      0%         N/A       77%         3
 Summon Guardian Golem    Hex/Summ       0%         N/A       77%         3
 Sticky Flame             Conj/Fire      0%         2d3       99%         4
 Blade Hands              Tmut           0%         N/A       100%        5
 Excruciating Wounds      Necr           0%         N/A       100%        5
 Shadow Creatures         Summ           N/A        N/A       100%        6


Dungeon Overview and Level Annotations

Branches:
Dungeon (4/15)
 Temple: D:4-7

Altars:
Sif Muna

Shops:
D:2 (   D:3 (   D:4 =


Innate Abilities, Weirdness & Mutations

Your plain brown scales are hard. (AC +5)
You cannot fit into any form of body armour.
You are cold-blooded and may be slowed by cold attacks.


Message History

* * * LOW HITPOINT WARNING * * *
You hit the gnoll shaman.
You tail-slap the gnoll shaman, but do no damage.
The gnoll shaman is almost dead.
The gnoll shaman barely misses you.
The gnoll shouts!
You hit the gnoll shaman but do no damage.
The gnoll shaman is almost dead.
The gnoll shaman misses you.
You barely miss the gnoll shaman.
The gnoll shaman is almost dead.
The gnoll shaman closely misses you.
You barely miss the gnoll shaman.
The gnoll shaman is almost dead.
The gnoll shaman hits you with a +0 club.
* * * LOW HITPOINT WARNING * * *
The gnoll shaman closely misses you.
You aren't carrying any potions.
As you read the scroll labelled HEJ TEECOD, it crumbles to dust.
It is a scroll of identify.
c - a scroll of enchant weapon The gnoll shaman hits you with a +0 club.
* * * LOW HITPOINT WARNING * * *
Unknown command.
As you read the scroll labelled RUROEN QUEDDAR, it crumbles to dust.
Magic quickly surges around you.
It was a scroll of vulnerability.
The gnoll shaman hits you with a +0 club.
* * * LOW HITPOINT WARNING * * *
Unknown command.
As you read the scroll labelled SYETHR DULL, it crumbles to dust.
The creatures around you are filled with an inner flame!
It was a scroll of immolation.
The gnoll shaman misses you.
As you read the scroll labelled FUIGYNTY VOY, it crumbles to dust.
You feel strangely unstable.
It was a scroll of teleportation.
The gnoll shaman utters an invocation to its god.
The gnoll shaman is healed somewhat.
Unknown command.
There are monsters nearby!
The gnoll shaman hits you with a +0 club.
You die...

#..8...∩...8.#
###.#.......#..#
##.8...<..##.##
####..........
#8...8.#.##
###..#.# #
#g##.# #g# # #@#
###


You could see a gnoll shaman (inner flame, weak-willed) and a gnoll (inner
flame, weak-willed).

Vanquished Creatures
  Jessica (D:2)
  An iguana (D:4)
  An orc wizard (D:3)
  A hound skeleton (D:4)
  3 gnolls
  4 adders
  A worm (D:4)
  A dart slug (D:1)
  2 orcs
  5 ball pythons
  6 endoplasms
  3 giant cockroaches (D:2)
  7 goblins
  7 hobgoblins
  2 jackals (D:2)
  4 kobolds
  2 quokkas (D:3)
  6 bats
  A frilled lizard (D:2)
  6 rats
64 creatures vanquished.

Notes
Turn   | Place    | Note
-------+----------+-------------------------------------------
     0 | D:1      | Stomo444 the Draconian Monk began the quest for the Orb.
     0 | D:1      | Reached XP level 1. HP: 19/19 MP: 1/1
   304 | D:1      | Reached XP level 2. HP: 26/26 MP: 2/2
  1116 | D:1      | Reached XP level 3. HP: 6/33 MP: 3/3
  1491 | D:2      | Found Fevuhe's Weapon Boutique.
  1640 | D:2      | Noticed Jessica
  1649 | D:2      | Killed Jessica
  1650 | D:2      | Reached XP level 4. HP: 10/40 MP: 4/4
  2389 | D:3      | Found Cocumy's Antique Weapon Boutique.
  2397 | D:3      | HP: 1/41 [gnoll (4)]
  2988 | D:3      | Found a shimmering blue altar of Sif Muna.
  2998 | D:3      | Reached XP level 5. HP: 44/47 MP: 5/5
  4032 | D:4      | HP: 1/47 [iguana (11)]
  4342 | D:4      | Noticed a black bear
  4397 | D:4      | Found Sobiatem's Jewellery Emporium.
  4474 | D:4      | HP: 1/47 [gnoll shaman (3)]
  4477 | D:4      | Slain by a gnoll shaman

Illustrated notes

Levels and vault maps discovered:
D:1:      dpeg_arrival_shelter, layout_basic
D:2:      layout_basic, serial_shops, nicolae_shop_behind_doors, st_stairs_9,
          uniq_jessica
D:3:      layout_loops_ring, kennysheep_orc_sif_temple, serial_shops, shop,
          kennysheep_pointless_box
D:4:      layout_loops_ring, temple_green, serial_shops, nicolae_stop_n_shop_1,
          nicolae_diamond_shop, shop_fountains, kennysheep_little_box, shop,
          chequers_serial_rivers_small_b, nzn_random_ring, uniq_pikel

Skill      XL: |  1  2  3  4  5 |
---------------+----------------+-----
Dodging        | 3 4 |  4.0
Fighting       | 4 |  4.9
Maces & Flails | 4 |  4.4
Stealth        | |  1.7

Action                   |  1- 3 |  4- 6 || total
-------------------------+-------+-------++-------
Melee: Mace              |    84 |   151 ||   235
       Tailslap          |    11 |    19 ||    30
  Use: Potion            |       |     3 ||     3
       Scroll            |       |     4 ||     4
 Stab: Sleeping          |     4 |     4 ||     8
Armor: Skin              |    20 |    28 ||    48
Dodge: Dodged            |    75 |   118 ||   193
